 Dungeon Crawl Stone Soup version 0.28.0 (webtiles) character file.

Game seed: 13336102094200518987

32834 edsrzf the Carver (level 13, -8/118 HPs)
             Began as a Black Draconian Cinder Acolyte on Feb 19, 2022.
             Was a Follower of Vehumet.
             Mangled by a five-headed hydra (12 damage)
             ... on level 5 of the Lair of Beasts.
             The game lasted 00:52:36 (20462 turns).

edsrzf the Carver (Black Draconian Cinder Acolyte) Turns: 20462, Time: 00:52:38

Health: -8/118     AC: 12    Str: 17    XL:     13   Next: 33%
Magic:  23/23      EV: 13    Int: 17    God:    Vehumet [*.....]
Gold:   931        SH:  0    Dex:  9    Spells: 16/26 levels left

rFire   . . .      SeeInvis .   b - -1 falchion (flame)
rCold   + . .      Faith    .   (no shield)
rNeg    . . .      Spirit   .   (armour unavailable)
rPois   +          Reflect  .   w - +1 hat
rElec   +          Harm     .   E - +0 cloak
rCorr   .          Rampage  .   L - +0 pair of gloves
Will    .....                   c - +0 pair of boots
Stlth   +.........              o - amulet of regeneration
HPRegen 1.09/turn               k - ring of protection from cold
MPRegen 0.18/turn               f - ring of poison resistance

@: confused, ambrosia-drunk, studying Transmutations, fire susceptible
A: breathe lightning, AC +8, unfitting armour, electricity resistance,
cold-blooded
a: Breathe Lightning, Renounce Religion


You were on level 5 of the Lair of Beasts.
You worshipped Vehumet.
Vehumet was aware of your devotion.
You visited 3 branches of the dungeon, and saw 18 of its levels.

You collected 931 gold pieces.

Inventory:

Hand Weapons
 a - a +3 long sword
 b - a -1 falchion of flaming (weapon)
 y - a +1 long sword of holy wrath
Missiles
 i - 4 silver javelins (quivered)
 n - 43 poisoned darts
 D - 2 boomerangs of dispersal
Armour
 c - a +0 pair of boots (worn)
 w - a +1 hat (worn)
 E - a +0 cloak (worn)
 L - a +0 pair of gloves (worn)
Jewellery
 f - a ring of poison resistance (right hand)
 k - a ring of protection from cold (left hand)
 o - an amulet of regeneration (around neck)
Wands
 K - a wand of polymorph (6)
 M - a wand of iceblast (6)
Scrolls
 d - 3 scrolls of immolation
 h - 2 scrolls of holy word {unknown}
 j - 3 scrolls of fog
 p - 2 scrolls of magic mapping {unknown}
 q - 2 scrolls of blinking {unknown}
 t - 3 scrolls of vulnerability {unknown}
 v - 3 scrolls of noise
 F - 2 scrolls of amnesia
 G - 2 scrolls of torment {unknown}
 H - 3 scrolls of identify {@r1}
 I - 3 scrolls of enchant armour {unknown}
 J - 3 scrolls of enchant weapon
 N - a scroll of fear {unknown}
Potions
 e - 4 potions of flight
 l - 5 potions of curing
 m - 3 potions of might
 r - a potion of invisibility
 s - a potion of resistance
 u - 6 potions of lignification
 x - 2 potions of haste
 z - a potion of mutation {!q}
 A - 6 potions of attraction
 B - a potion of berserk rage {!q}
 C - 2 potions of brilliance


   Skills:
 - Level 12.0 Fighting
 - Level 14.0 Long Blades
 - Level 6.0 Dodging
 + Level 7.2 Spellcasting
 + Level 9.0 Conjurations
 - Level 3.0 Fire Magic
 + Level 4.2 Ice Magic
 - Level 7.0 Air Magic


You had 16 spell levels left.
You knew the following spells:

 Your Spells              Type           Power      Damage    Failure   Level
a - Scorch                Fire           32%        2d6       4%          2
b - Freezing Cloud        Conj/Ice/Air   14%        6-21      21%         5
C - Mephitic Cloud        Conj/Pois/Air  24%        N/A       3%          3

Your spell library contained the following spells:

 Spells                   Type           Power      Damage    Failure   Level
 Shock                    Conj/Air       100%       1d9       1%          1
 Poisonous Vapours        Pois/Air       36%        N/A       4%          2
 Ensorcelled Hibernation  Hex/Ice        26%        N/A       7%          2
 Sting                    Tmut/Pois      24%        1d4       12%         1
 Ignite Poison            Fire/Tmut/Pois 9%         N/A       22%         3
 Gell's Gravitas          Tloc           6%         N/A       34%         3
 Spider Form              Tmut/Pois      6%         N/A       34%         3
 Summon Guardian Golem    Hex/Summ       6%         N/A       34%         3
 Teleport Other           Tloc           6%         N/A       34%         3
 Anguish                  Hex/Necr       3%         N/A       75%         4
 Olgreb's Toxic Radiance  Pois           6%         N/A       75%         4
 Orb of Destruction       Conj           18%        9d8       93%         7
 Dispersal                Tloc           3%         N/A       100%        6
 Malign Gateway           Summ/Tloc      3%         N/A       100%        7
 Spellforged Servitor     Conj/Summ      10%        N/A       100%        7
 Summon Horrible Things   Summ           3%         N/A       100%        8


Dungeon Overview and Level Annotations

Branches:
Dungeon (12/15)            Temple (1/1) D:5            Lair (5/6) D:10
 Shoals (0/4) Lair:2        Snake (0/4) Lair:3          Orc (0/2) D:12
  Slime: Lair:5-6

Altars:
Ashenzari
Cheibriados
Dithmenos
Elyvilon
Fedhas
Gozag
Hepliaklqana
Kikubaaqudgha
Makhleb
Nemelex Xobeh
Okawaru
Qazlal
Ru
Sif Muna
Trog
Uskayaw
Vehumet
Wu Jian
Xom
Yredelemnul
Zin
The Shining One

Shops:
D:4 (   D:8 (=

Annotations:
D:12 exclusion: 2 doors
Lair:1 exclusion: 2 oklob plants


Innate Abilities, Weirdness & Mutations

You can breathe wild blasts of lightning.
Your glossy black scales are hard. (AC +8)
You cannot fit into any form of body armour.
You are resistant to electric shocks. (rElec)
You are cold-blooded and may be slowed by cold attacks.


Message History

You kill the yak!
Vehumet accepts your kill.
A yak comes into view.
You slash the yak! You tail-slap the yak.
The yak is moderately wounded.
The yak gores you.
You hit the yak.
The yak is moderately wounded.
You hit the yak but do no damage.
You tail-slap the yak, but do no damage.
The yak is moderately wounded.
The yak barely misses you.
You slash the yak!
You tail-slap the yak, but do no damage.
The yak is severely wounded.
The yak closely misses you.
You barely miss the yak.
The yak is severely wounded.
A torpor snail comes into view.
Being near the torpor snail leaves you feeling lethargic.
Your -1 falchion of flaming bursts into flame!
b - a -1 falchion of flaming (weapon)
You slice one of the seven-headed hydra's heads off!
The flame cauterises the wound!
You slash the six-headed hydra! You burn the six-headed hydra.
You tail-slap the six-headed hydra, but do no damage.
The six-headed hydra is moderately wounded.
The six-headed hydra bites you!
The six-headed hydra completely misses you.
The six-headed hydra bites you. x3; The six-headed hydra bites you!
You hack one of the six-headed hydra's heads off!
The flame cauterises the wound!
You slash the five-headed hydra! You burn the five-headed hydra.
You tail-slap the five-headed hydra.
The five-headed hydra is heavily wounded.
The five-headed hydra misses you. The five-headed hydra bites you! x2
The five-headed hydra misses you. The five-headed hydra bites you!
You barely miss the five-headed hydra.
The five-headed hydra is heavily wounded.
The five-headed hydra bites you!
The five-headed hydra closely misses you.
The five-headed hydra bites you!
The five-headed hydra bites you but does no damage. x2
As you read the scroll labelled QYUNKU UMOJUTH, it crumbles to dust.
The scroll dissolves into smoke.
It was a scroll of fog.
You feel yourself speed up.
The five-headed hydra bites you but does no damage.
The five-headed hydra barely misses you.
The five-headed hydra bites you! The five-headed hydra bites you.
The five-headed hydra bites you!
* * * LOW HITPOINT WARNING * * *
Okay, then.
Okay, then.
Okay, then.
You feel better.
The five-headed hydra bites you but does no damage. x3
The five-headed hydra bites you!
* * * LOW HITPOINT WARNING * * *
The five-headed hydra closely misses you.
Okay, then.
Okay, then.
Casting: Freezing Cloud (dangerous; 21% risk of failure)
Confirm with . or Enter, or press ? or * to list all spells.
Okay, then.
Unknown command.
As you read the scroll labelled XUSUKHOETZ, it crumbles to dust.
You hear a loud clanging noise!
It was a scroll of noise.
You hear a bellow!
The five-headed hydra bites you!
* * * LOW HITPOINT WARNING * * *
The five-headed hydra bites you but does no damage.
The five-headed hydra closely misses you.
The five-headed hydra barely misses you. x2
You feel better.
The five-headed hydra closely misses you.
The five-headed hydra bites you but does no damage.
The five-headed hydra closely misses you.
The five-headed hydra barely misses you.
The five-headed hydra bites you!
* * * LOW HITPOINT WARNING * * *
Okay, then.
As you read the scroll labelled TOCUTO SUIKKY, it crumbles to dust.
It is a scroll of enchant weapon.
Your +2 long sword glows red for a moment.
The five-headed hydra bites you but does no damage.
The five-headed hydra bites you!
* * * LOW HITPOINT WARNING * * *
The five-headed hydra bites you but does no damage.
The five-headed hydra bites you.
* * * LOW HITPOINT WARNING * * *
The five-headed hydra bites you!
* * * LOW HITPOINT WARNING * * *
You are confused.
You feel invigorated. The five-headed hydra misses you.
The five-headed hydra barely misses you.
The five-headed hydra bites you.
* * * LOW HITPOINT WARNING * * *
The five-headed hydra bites you but does no damage.
The five-headed hydra bites you!
You die...

...Y.....................
..Y......................
#.........<........
#.w................
##.................
###.Y............#
#.Y#.###.#P.P... ##
##YD## ##.....##
#.###†#@# ##..#. #.#..###
..# #..### #.## ###


You could see a five-headed hydra and 2 yaks.

Vanquished Creatures
  3 hydras
  Pikel (D:8)
  2 cyclopes (D:12)
  A manticore (D:11)
  6 black mambas
  A merfolk siren (Lair:2)
  13 cane toads
  A gargoyle (D:8)
  2 unseen horrors
  6 komodo dragons
  2 polar bears
  2 trolls
  2 hornets (D:10)
  Grinder (D:4)
  13 blink frogs
  Sigmund (D:6)
  A wraith (D:12)
  4 fire elementals
  Eustachio (D:4)
  39 yaks
  A basilisk (Lair:5)
  A steam dragon (D:8)
  Menkaure (D:6)
  12 water moccasins
  An ice beast (D:6)
  3 orc warriors
  2 ogres
  2 necrophages
  6 wolves
  4 centaurs
  2 lemures (D:8)
  2 phantoms
  2 kobold brigands
  A gnoll sergeant (D:11)
  Blork the orc (D:4)
  19 bullfrogs
  A water moccasin zombie (D:5)
  A scorpion (D:6)
  A water moccasin skeleton (D:5)
  9 killer bees
  22 wights
  3 howler monkeys (D:10)
  4 electric eels
  A bullfrog zombie (D:5)
  5 hounds (D:10)
  A bullfrog skeleton (D:5)
  13 centaur zombies
  An orc priest (D:12)
  2 centaur skeletons
  An iguana (D:7)
  13 orc wizards
  3 scorpion zombies (D:5)
  A killer bee zombie (D:7)
  A hound zombie (D:5)
  A hound skeleton (D:5)
  A howler monkey zombie (D:6)
  10 gnolls
  7 adders
  A shadow imp (D:7)
  A white imp (D:5)
  2 ufetubi
  3 worms
  3 dart slugs
  23 orcs
  6 ball pythons
  6 endoplasms
  5 giant cockroaches
  6 hobgoblins
  4 jackals (D:1)
  18 kobolds
  6 bats
  3 frilled lizards
  5 goblins
  3 rats
359 creatures vanquished.

Vanquished Creatures (others)
  An orc wizard (D:7)
  21 fungi
  32 plants
54 creatures vanquished.

Grand Total: 413 creatures vanquished

Notes
Turn   | Place    | Note
-------+----------+-------------------------------------------
     0 | D:1      | edsrzf the Draconian Cinder Acolyte began the quest for the
                  | Orb.
     0 | D:1      | Reached XP level 1. HP: 19/19 MP: 2/2
   400 | D:1      | Reached XP level 2. HP: 4/26 MP: 2/4
   910 | D:1      | Found a faded altar of an unknown god.
   942 | D:1      | Reached skill level 2 in Spellcasting
   956 | D:1      | Reached XP level 3. HP: 25/31 MP: 6/6
   964 | D:1      | Learned a level 2 spell: Scorch
  1856 | D:2      | Reached skill level 4 in Long Blades
  2547 | D:3      | Reached XP level 4. HP: 38/38 MP: 4/7
  2744 | D:3      | Reached skill level 5 in Long Blades
  3170 | D:3      | Reached XP level 5. HP: 43/45 MP: 8/8
  3261 | D:3      | Found a shadowy altar of Dithmenos.
  3476 | D:3      | Identified 4 scrolls of identify
  3476 | D:3      | Identified 3 potions of flight
  3477 | D:3      | Identified a potion of curing
  3478 | D:3      | Identified a potion of might
  3518 | D:4      | Found a radiant altar of Vehumet.
  3569 | D:4      | Reached skill level 6 in Long Blades
  3797 | D:4      | Found an iron altar of Okawaru.
  3840 | D:4      | Noticed Grinder
  3860 | D:4      | Paralysed by Grinder for 6 turns
  3866 | D:4      | Identified 3 scrolls of immolation
  3869 | D:4      | Identified a scroll of amnesia
  3870 | D:4      | Identified a scroll of teleportation
  3889 | D:4      | Reached XP level 6. HP: 25/51 MP: 5/9
  3899 | D:4      | Paralysed by Grinder for 6 turns
  3906 | D:4      | Killed Grinder
  3907 | D:4      | Reached skill level 7 in Long Blades
  4251 | D:4      | Noticed Blork the orc
  4257 | D:4      | Killed Blork the orc
  4258 | D:4      | Your scales start taking on a glossy black colour.
  4258 | D:4      | Reached XP level 7. HP: 50/57 MP: 3/10
  4258 | D:4      | Gained mutation: You are resistant to electric shocks.
                  | (rElec) [Black Draconian growth]
  4364 | D:4      | Found Cukagg's Weapon Shop.
  4529 | D:4      | Found a glowing golden altar of the Shining One.
  4534 | D:4      | Identified a potion of heal wounds
  4578 | D:4      | Noticed Eustachio
  4590 | D:4      | Killed Eustachio
  4591 | D:4      | Reached skill level 8 in Long Blades
  4752 | D:4      | Found a sparkling altar of Nemelex Xobeh.
  4948 | D:5      | Entered Level 5 of the Dungeon
  5182 | D:5      | Killed an unseen horror
  5183 | D:5      | Reached skill level 9 in Long Blades
  5183 | D:5      | Reached XP level 8. HP: 16/63 MP: 11/11
  5206 | D:5      | Reached skill level 10 in Long Blades
  5498 | D:5      | Reached skill level 1 in Dodging
  5502 | D:5      | Reached skill level 2 in Dodging
  5522 | D:5      | Reached skill level 11 in Long Blades
  5522 | D:5      | Reached skill level 3 in Dodging
  6066 | D:5      | Reached XP level 9. HP: 69/70 MP: 12/12
  6082 | D:5      | Found a staircase to the Ecumenical Temple.
  6308 | Temple   | Entered the Ecumenical Temple
  6514 | D:6      | Found a stormy altar of Qazlal.
  6668 | D:6      | Found a broken altar of Ashenzari.
  6696 | D:6      | Noticed Sigmund
  6708 | D:6      | Killed Sigmund
  6709 | D:6      | Reached skill level 4 in Dodging
  6957 | D:6      | Found a white marble altar of Elyvilon.
  7198 | D:6      | Noticed Menkaure
  7227 | D:6      | Killed Menkaure
  7640 | D:6      | Reached skill level 5 in Dodging
  8031 | D:7      | Reached skill level 12 in Long Blades
  8348 | D:7      | Reached skill level 6 in Dodging
  8705 | D:7      | Reached skill level 4 in Fighting
  8862 | D:7      | Found an ancient bone altar of Kikubaaqudgha.
  8908 | D:7      | Found a shimmering blue altar of Sif Muna.
  9184 | D:8      | Learned a level 3 spell: Mephitic Cloud
  9267 | D:8      | Reached skill level 1 in Air Magic
  9267 | D:8      | Reached XP level 10. HP: 79/80 MP: 13/13
  9282 | D:8      | Noticed a gargoyle
  9295 | D:8      | Killed a gargoyle
  9296 | D:8      | Reached skill level 5 in Fighting
  9296 | D:8      | Reached skill level 2 in Air Magic
  9334 | D:8      | You fall into a shaft and drop 2 floors!
  9334 | D:10     | Entered Level 10 of the Dungeon
  9367 | D:10     | Reached skill level 3 in Air Magic
  9425 | D:10     | Identified the +2 helmet "Taeg Nedang" {Contam rF+ Str+4
                  | Dex+2}
  9604 | D:10     | Reached skill level 4 in Air Magic
 10012 | D:10     | Reached skill level 6 in Fighting
 10120 | D:10     | Found a staircase to the Lair.
 10127 | D:10     | Reached skill level 5 in Air Magic
 10399 | D:9      | Noticed Pikel
 10402 | D:8      | Found Quigha's Antique Weapon Emporium.
 10414 | D:8      | Killed Pikel
 10415 | D:8      | Reached skill level 7 in Fighting
 10415 | D:8      | Reached skill level 6 in Air Magic
 10843 | D:9      | Found a burning altar of Makhleb.
 11256 | D:9      | Reached skill level 7 in Air Magic
 11510 | D:8      | Found Xouz's Jewellery Shoppe.
 11577 | D:8      | Reached skill level 8 in Fighting
 11866 | D:8      | Found an opulent altar of Gozag.
 12125 | D:8      | Found a glowing silver altar of Zin.
 12235 | D:8      | Identified a potion of degeneration
 12237 | D:8      | Identified a potion of mutation
 12244 | D:8      | Identified 2 potions of haste
 12245 | D:8      | Identified 2 potions of attraction
 12246 | D:8      | Identified 2 potions of brilliance
 12281 | D:8      | Reached XP level 11. HP: 86/92 MP: 14/14
 12636 | D:9      | Identified 3 potions of lignification
 12837 | D:9      | Identified a potion of invisibility
 13667 | D:11     | Reached skill level 9 in Fighting
 13773 | D:11     | Reached skill level 13 in Long Blades
 14498 | D:12     | Noticed a seven-headed hydra
 14592 | D:12     | Found a staircase to the Orcish Mines.
 14737 | D:12     | Killed a four-headed hydra
 14738 | D:12     | Reached skill level 10 in Fighting
 15114 | D:12     | Reached skill level 14 in Long Blades
 15122 | D:12     | Reached skill level 1 in Conjurations
 15123 | D:12     | Reached skill level 11 in Fighting
 15131 | D:12     | Reached skill level 2 in Conjurations
 15132 | D:12     | Found a basalt altar of Yredelemnul.
 15173 | D:12     | Reached skill level 3 in Conjurations
 15292 | D:12     | Noticed a two-headed ogre
 15292 | D:12     | Noticed an eight-headed hydra
 15388 | Lair:1   | Entered Level 1 of the Lair of Beasts
 15396 | D:10     | Reached XP level 12. HP: 77/110 MP: 15/15
 15488 | Lair:1   | Reached skill level 4 in Conjurations
 15565 | Lair:1   | Noticed a five-headed hydra
 15596 | Lair:1   | Killed a one-headed hydra
 15597 | Lair:1   | Reached skill level 12 in Fighting
 15621 | Lair:1   | Reached skill level 5 in Conjurations
 15774 | Lair:1   | Identified a potion of berserk rage
 15812 | Lair:1   | Reached skill level 3 in Spellcasting
 16014 | Lair:1   | Identified a potion of ambrosia
 16204 | Lair:1   | Reached skill level 6 in Conjurations
 16220 | Lair:1   | Reached skill level 4 in Spellcasting
 16413 | Lair:1   | Found a blossoming altar of Fedhas.
 17038 | Lair:2   | Found a staircase to the Shoals.
 17042 | Lair:2   | Identified a potion of resistance
 17060 | Lair:2   | Reached skill level 7 in Conjurations
 17072 | Lair:2   | Reached skill level 5 in Spellcasting
 17766 | D:4      | Fell from the grace of Ignis
 17766 | D:4      | Became a worshipper of Vehumet
 17777 | D:4      | Learned a level 5 spell: Freezing Cloud
 18116 | Lair:1   | Reached skill level 6 in Spellcasting
 18116 | Lair:1   | Reached skill level 1 in Ice Magic
 18127 | Lair:1   | You fall into a shaft and drop 1 floor!
 18156 | Lair:2   | Noticed a four-headed hydra
 18169 | Lair:2   | Killed a one-headed hydra
 18170 | Lair:2   | Reached skill level 8 in Conjurations
 18209 | Lair:2   | You fall into a shaft and drop 2 floors!
 18339 | Lair:3   | Reached skill level 2 in Ice Magic
 18353 | Lair:3   | Reached XP level 13. HP: 101/118 MP: 22/22
 18430 | Lair:3   | Found a staircase to the Snake Pit.
 19025 | Lair:2   | Reached skill level 3 in Ice Magic
 19046 | Lair:2   | You fall into a shaft and drop 2 floors!
 19105 | Lair:4   | Reached * piety under Vehumet
 19105 | Lair:4   | Offered knowledge of Shock by Vehumet.
 19778 | Lair:4   | Reached skill level 7 in Spellcasting
 19995 | Lair:4   | Reached skill level 4 in Ice Magic
 20295 | Lair:5   | Reached skill level 9 in Conjurations
 20457 | Lair:5   | Identified 4 scrolls of fog
 20459 | Lair:5   | Identified 4 scrolls of noise
 20461 | Lair:5   | Identified 4 scrolls of enchant weapon
 20462 | Lair:5   | HP: 4/118 [five-headed hydra (6)]
 20462 | Lair:5   | Mangled by a five-headed hydra

Illustrated notes

Levels and vault maps discovered:
D:1:      dpeg_arrival_another_circle, layout_basic,
          shapermc_ecumenical_altar_mp_urbaneastern
D:2:      layout_basic, chequers_serial_rivers_micro_b
D:3:      layout_basic, lemuel_coloured_pillars_altar
D:4:      layout_loops_ring, nemelex_dance_club_becter, fiery_altar_vehumet,
          mainiacjoe_overflow_brackets, okawaru_metal_pillars_1_2, serial_shops,
          nicolae_shop_bloodbath_and_beyond, hangedman_decor_push,
          guppyfry_early_lair_pool, uniq_blork_the_orc, uniq_eustachio,
          uniq_grinder
D:5:      layout_basic, minmay_temple_entry_arrows, minmay_manual_moon
D:6:      minmay_evil_eye, layout_basic, nicolae_qazlal_scattered_showers,
          overflow_temple_1_default, ashenzari_conservatory_becter,
          uniq_menkaure, uniq_sigmund
D:7:      layout_cave_pools, lemuel_tele_altar, kennysheep_orc_sif_temple,
          grunt_decor_one_mirror, grunt_ogre_cave
D:8:      layout_gridville, pdpol_temple_overflow_zin_treasury_gozag_greed,
          serial_shops, nicolae_square_shop, minmay_misc_feat_more_columns,
          nicolae_take_the_stairs
D:9:      layout_irregular_city, mainiacjoe_overflow_concentric_impassable,
          uniq_pikel
D:10:     layout_basic, erik_lair_island, kennysheep_generic_room_8
D:11:     layout_irregular_city
D:12:     hangedman_cross_veins, layout_irregular_city, orc_0_dummy,
          nicolae_yredelemnul_corpse_copse
Temple:   kb_temple_of_zot
Lair:1:   layout_regular_city, hangedman_tree_tricks, serial_bayou_shore_a
Lair:2:   layout_long_grid, minmay_shoals_entry_lonely_mermaid
Lair:3:   layout_cave_pods, minmay_snake_entry_six_corridors,
          lemuel_centaur_altar, grunt_megastairs_4, lemuel_fruit_tree,
          infiniplex_staircase_pool_2
Lair:4:   layout_big_grid
Lair:5:   layout_layer_cave, dpeg_oklob_1

Skill      XL: |  1  2  3  4  5  6  7  8  9 10 11 12 13 |
---------------+----------------------------------------+-----
Spellcasting   | 2 6 7 |  7.2
Long Blades    | 4 5 6 7 9 11 12 14 | 14.0
Dodging        | 3 6 |  6.0
Fighting       | 4 8 11 12 | 12.0
Air Magic      | 1 7 |  7.0
Conjurations   | 3 8 9 |  9.0
Ice Magic      | 2 4 |  4.2
Fire Magic     | |  3.0

Action                   |  1- 3 |  4- 6 |  7- 9 | 10-12 | 13-15 || total
-------------------------+-------+-------+-------+-------+-------++-------
Melee: Falchion          |   109 |    37 |       |    21 |     3 ||   170
       Tailslap          |     7 |     6 |    49 |   164 |    47 ||   273
       Punch             |     1 |       |     7 |    11 |     4 ||    23
       Long sword        |       |    24 |   336 |  1033 |   276 ||  1669
Throw: Javelin           |     4 |     9 |    13 |     5 |     1 ||    32
       Dart              |       |     3 |    17 |     2 |       ||    22
       Throwing net      |       |       |       |     1 |       ||     1
 Cast: Scorch            |     2 |    13 |     9 |       |       ||    24
       Freezing Cloud    |       |       |       |       |     1 ||     1
Invok: Fiery Armour      |     1 |     2 |     5 |     4 |       ||    12
 Abil: Breathe Lightning |       |       |     1 |     6 |     1 ||     8
Evoke: Wand              |       |       |       |     1 |       ||     1
  Use: Scroll            |       |     6 |     1 |    13 |     4 ||    24
       Potion            |       |       |     1 |    10 |     3 ||    14
 Stab: Distracted        |       |       |     1 |       |       ||     1
       Held in net/web   |       |       |       |     1 |       ||     1
Armor: Skin              |    32 |    21 |   128 |   400 |   105 ||   686
Dodge: Dodged            |    65 |    28 |   182 |   593 |   159 ||  1027
